Map: Ever Dream LE

Players

LiquidTLO (TLO)

  • Race: Zerg Zerg
  • Spawn Location: 7:00

AgoElazer (Elazer) - Winner!

  • Race: Zerg Zerg
  • Spawn Location: 1:00

Event: StayAtHomestory Cup #2

VOD

Have the link to the VOD?

Description

Time

  • Played on: June 11, 2020, 10:58 a.m.
  • Length: 7:44
Show
View Real Time Build Order
Export as new Build Order

LiquidTLO Zerg 

Build Orders: Hatch First 

Get SALT Encoding   

  12  0:00  Drone  
  13  0:12  Overlord  
  13  0:16  Drone  
  14  0:30  Drone  
  14  0:31  Drone  
  16  0:47  Hatchery  
  15  0:51  Drone  
  16  1:05  Spawning Pool  
  16  1:08  Drone  
  16  1:11  Drone  
  16  1:14  Drone  
  16  1:17  Extractor  
  17  1:21  Drone  
  18  1:31  Drone  
  19  1:40  Drone  
  20  1:51  Overlord  
  20  1:53  Queen  
  22  1:59  Queen  
  24  2:02  Drone x2  
  26  2:10  Drone  
  26  2:14  Drone  
  28  2:18  Metabolic Boost  
  28  2:22  Drone  
  29  2:25  Drone  
  29  2:29  Queen  
  32  2:34  Overlord  
  32  2:35  Drone  
  33  2:53  Hatchery  
  33  2:54  Zergling x2  
  33  2:56  Baneling Nest  
  32  2:59  Zergling x4  
  32  3:00  Zergling x2  
  32  3:03  Drone  
  36  3:07  Drone x2  
  36  3:09  Drone  
  39  3:14  Drone  
  39  3:15  Drone  
  41  3:20  Overlord  
  41  3:27  Overlord  
  41  3:32  Evolution Chamber  
  40  3:35  Drone  
  40  3:36  Drone  
  40  3:37  Extractor, Drone  
  40  3:41  Drone x2  
  44  3:43  Extractor, Drone  
  44  3:50  Roach Warren  
  44  3:53  Baneling x2  
  44  3:54  Baneling  
  44  3:55  Drone x2  
  44  4:00  Zerg Missile Weapons Level 1, Drone  
  45  4:03  Drone  
  45  4:06  Drone  
  45  4:07  Drone  
  48  4:15  Overlord  
  48  4:18  Drone  
  49  4:29  Roach x5  
  59  4:31  Roach  
  59  4:34  Roach  
  59  4:37  Roach, Extractor  
  63  4:40  Roach  
  63  4:43  Roach  
  63  4:45  Roach  
  70  4:48  Overlord  
  70  4:51  Roach  
  72  4:56  Roach  
  72  4:58  Overlord  
  74  5:04  Overlord  
  74  5:08  Zergling x4  
  74  5:09  Zergling x6  
  74  5:10  Baneling x2  
  74  5:11  Baneling x2  
  81  5:14  Roach  
  81  5:17  Roach  
  81  5:20  Roach  
  85  5:23  Zergling x2, Ravager  
  85  5:24  Zergling x2  
  85  5:25  Zergling x2  
  85  5:27  Zergling x2  
  85  5:28  Zergling x2  
  91  5:33  Roach  
  91  5:34  Roach  
  93  5:36  Roach  
  93  5:39  Roach  
  93  5:40  Zergling x2  
  95  5:45  Roach  
  95  5:47  Roach x2  
  93  5:50  Drone  
  93  5:52  Roach  
  93  5:53  Zergling x2  
  93  5:56  Roach  
  95  5:58  Roach  
  95  6:01  Roach  
  95  6:03  Roach  
  92  6:09  Roach  
  92  6:10  Roach, Zergling x2  
  97  6:13  Overlord  
  97  6:16  Overlord  
  97  6:20  Overlord  
  97  6:26  Overlord x2  
  97  6:32  Lair  
  97  6:34  Ravager x2  
  97  6:36  Zergling x4  
  97  6:37  Zergling x2  
  97  6:38  Zergling x2  
  103  6:42  Roach  
  103  6:43  Roach  
  107  6:51  Zergling x2  
  107  6:52  Zergling x10  
  113  6:55  Roach  
  113  6:59  Roach  
  113  7:00  Roach  
  119  7:03  Roach  
  119  7:05  Roach  
  119  7:07  Overlord  
  123  7:12  Overlord  
  123  7:17  Roach  
  123  7:18  Overlord  
  123  7:21  Zergling x6  
  128  7:24  Roach  
Show
View Real Time Build Order
Export as new Build Order

AgoElazer Zerg - Winner!

Build Orders: Hatch First 

Get SALT Encoding   

  12  0:00  Drone  
  13  0:13  Overlord  
  13  0:17  Drone  
  14  0:31  Drone x2  
  16  0:48  Hatchery  
  15  0:51  Drone  
  15  0:55  Drone  
  17  0:59  Drone  
  18  1:09  Extractor  
  17  1:13  Spawning Pool  
  17  1:17  Drone  
  17  1:20  Drone  
  18  1:28  Drone  
  19  1:39  Drone  
  20  1:51  Drone  
  21  2:00  Queen x2  
  25  2:01  Drone  
  25  2:03  Overlord  
  26  2:11  Drone, Metabolic Boost  
  26  2:13  Zergling x2  
  28  2:22  Drone x2  
  30  2:33  Drone x2  
  32  2:40  Hatchery  
  32  2:43  Drone x2  
  33  2:47  Baneling Nest  
  32  2:55  Overlord  
  32  2:57  Drone  
  33  3:07  Drone x2  
  33  3:10  Drone  
  36  3:14  Overlord  
  36  3:18  Drone x4  
  36  3:19  Queen  
  41  3:22  Zergling x2  
  41  3:23  Zergling x2  
  43  3:29  Evolution Chamber  
  43  3:31  Baneling  
  43  3:33  Drone  
  43  3:34  Zergling x2  
  43  3:37  Extractor  
  44  3:41  Drone  
  44  3:42  Drone x3  
  44  3:45  Zergling x4  
  44  3:46  Zergling x2  
  50  3:51  Overlord  
  50  3:52  Drone  
  50  3:55  Zerg Missile Weapons Level 1  
  51  3:56  Drone  
  51  3:58  Drone  
  53  4:06  Roach Warren  
  53  4:08  Drone  
  53  4:10  Lair  
  53  4:11  Overlord  
  53  4:13  Drone  
  53  4:14  Drone  
  53  4:15  Drone  
  56  4:23  Drone x4  
  60  4:25  Drone  
  60  4:28  Extractor, Drone x3  
  60  4:31  Overlord  
  63  4:37  Overlord  
  63  4:38  Drone x2  
  64  4:39  Drone  
  64  4:43  Extractor  
  64  4:45  Extractor  
  63  4:50  Drone x5  
  68  4:54  Overlord  
  68  4:56  Roach x2  
  68  4:59  Roach  
  73  5:01  Roach  
  73  5:02  Roach  
  73  5:04  Roach  
  73  5:06  Overlord  
  79  5:08  Roach  
  79  5:14  Roach x4  
  89  5:16  Overlord  
  89  5:19  Roach  
  90  5:29  Roach x6  
  90  5:35  Roach x3  
  105  5:40  Queen  
  105  5:42  Roach x3  
  113  5:46  Roach  
  109  5:50  Roach x2  
  109  5:55  Roach  
  111  6:00  Glial Reconstitution  
  113  6:05  Overlord  
  113  6:06  Ravager  
  114  6:11  Overlord  
  114  6:12  Overseer  
  114  6:19  Hatchery  
  109  6:26  Overlord  
  109  6:28  Drone x6  
  109  6:30  Pneumatized Carapace  
  109  6:32  Extractor  
  114  6:33  Overlord  
  114  6:39  Roach  
  118  6:40  Roach  
  118  6:45  Roach  
  120  6:51  Overlord  
  120  6:52  Roach  
  120  6:53  Roach x3  
  128  6:55  Evolution Chamber  
  128  6:59  Overlord  
  127  7:02  Drone x2  
  127  7:05  Roach x4  
  137  7:11  Ravager  
  137  7:13  Overlord x2  
  138  7:18  Roach  
  138  7:19  Ravager x5  
  145  7:24  Overlord  
  145  7:25  Ravager  
Tags
 
Add a new tag
Caveats
  • Supply blocks, unpowered buildings, or Contaminate may cause inaccurate times.
  • Supply counts are checked every 10 seconds.